 Dungeon Crawl Stone Soup version 0.21.0-24-g2553a3340b (webtiles) character file.

137 Sainar the Sneak (level 5, 0/39 HPs)
             Began as a Vampire Assassin on Jan 21, 2018.
             Slain by Grinder (2 damage)
             ... while paralysed by Grinder
             ... on level 3 of the Dungeon.
             The game lasted 00:11:26 (2274 turns).

Sainar the Sneak (Vampire Assassin)                 Turns: 2274, Time: 00:11:27

Health: 0/39       AC:  5    Str: 10    XL:     5   Next: 0%
Magic:  14/14      EV:  2    Int: 14    God:
Gold:   86         SH:  0    Dex: 16    Spells: 4/4 levels left

rFire    . . .     SeeInvis +   y - +3 short sword
rCold    . . .     Gourm    .   (no shield)
rNeg     + . .     Faith    .   c - +0 robe
rPois    .         Spirit   .   (no helmet)
rElec    .         Reflect  .   d - +1 cloak
rCorr    .         Harm     +   (no gloves)
MR       .....                  j - +0 pair of boots
Stlth    ++++......             u - amulet of harm
HPRegen  0.13/turn              n - ring of magical power
MPRegen  0.14/turn              (no ring)

@: paralysed
A: fangs 3, see invisible, unbreathing
a: Bat Form


You were on level 3 of the Dungeon.
You were not thirsty.

You visited 1 branch of the dungeon, and saw 3 of its levels.

You collected 86 gold pieces.

Inventory:

Hand Weapons
 a - a +2 dagger
 b - a +0 blowgun
 p - a +0 dagger of venom
 y - a +3 short sword (weapon)
Missiles
 e - 8 poisoned needles
 f - 2 curare-tipped needles
 m - 3 needles of confusion
Armour
 c - a +0 robe (worn)
 d - a +1 cloak (worn)
 j - a +0 pair of boots (worn)
Jewellery
 n - a ring of magical power (left hand)
 o - an uncursed ring of see invisible {unknown}
 u - an amulet of harm (around neck)
Scrolls
 i - a scroll of enchant armour
 q - 2 scrolls of enchant weapon {unknown}
 r - a scroll of remove curse
 t - 2 scrolls of blinking {unknown}
 x - 2 scrolls of fog {unknown}
 C - a scroll of amnesia {unknown}
 D - a scroll of teleportation {unknown}
 E - a scroll of identify {unknown}
Potions
 g - a potion of blood
 h - a potion of brilliance {unknown}
 k - a potion of degeneration {unknown}
 l - 2 potions of curing {unknown}
 s - a potion of cancellation {unknown}
 v - a potion of haste {unknown}
 w - a potion of lignification {unknown}
 z - a potion of heal wounds {unknown}
 A - a potion of mutation {unknown}
Books
 B - a book of Changes

   Spells                             Type                      Level
   a - Beastly Appendage              Transmutation                1
   b - Sticks to Snakes               Transmutation                2
   c - Spider Form                    Transmutation/Poison         3
   d - Ice Form                       Ice/Transmutation            4
   e - Blade Hands                    Transmutation                5


   Skills:
 + Level 2.7 Fighting
 + Level 3.4 Short Blades
 - Level 1.5 Throwing
 + Level 2.7 Dodging
 + Level 6.9 Stealth


You had 4 spell levels left.
You didn't know any spells.

Dungeon Overview and Level Annotations

Branches:
Dungeon (3/15)

Altars:
Vehumet

Annotations:
D:3 Grinder


Innate Abilities, Weirdness & Mutations

You have razor-sharp teeth.
You have supernaturally acute eyesight. (SInv)
You can survive without breathing.


Message History

Grinder is moderately wounded.
Grinder gestures at you. Pain shoots through your body!
Items here: ( ))) † a club; a dagger; a blowgun; 2 curare-tipped needles; a kobold corpse You hit Grinder.
Grinder is moderately wounded.
Grinder hits you.
You writhe in agony.
* * * LOW HITPOINT WARNING * * *
You closely miss Grinder.
Grinder is moderately wounded.
Grinder gestures at you.
You suddenly lose the ability to move!
Grinder gestures at you. Pain shoots through your body!
* * * LOW HITPOINT WARNING * * *
Grinder hits you.
* * * LOW HITPOINT WARNING * * *
You writhe in agony.
You die...

#. ............# #.#
#####.## ............#
#.# #......#
............# #.#####
#......# ..........#
#.#.... +......+
........# #.#.###
#......#### #......#
#.#.# # #.#........<#
#......# #.#.###
#.#.......#######5.....#
#.....#
..#####.#.......@#######
####..# ..#
#..........'.# #..# ..#
#.##.......#.##### #..#
..# #.##.......#.....#
#..# ..#
#.##########.....# #..#
..#####.# #.....# #).#
.....†..# #.##### #..#
.....#..# #.# #####..#
####.#..#
#.#######......#


You could see Grinder.

Vanquished Creatures
  A scorpion (D:3)
  3 adders
  An ooze (D:2)
  A dart slug (D:1)
  4 orcs (D:3)
  7 bats
  4 giant cockroaches
  8 goblins
  8 hobgoblins
  7 kobolds
  A quokka (D:3)
  2 frilled lizards
  3 rats
50 creatures vanquished.

Vanquished Creatures (others)
  The ghost of hofbold the Caller, a weakling SpSu (D:3)
1 creature vanquished.

Grand Total: 51 creatures vanquished

Notes
Turn   | Place    | Note
-------+----------+-------------------------------------------
     0 | D:1      | Sainar the Vampire Assassin began the quest for the Orb.
     0 | D:1      | Reached XP level 1. HP: 16/16 MP: 1/1
   524 | D:1      | Reached skill level 6 in Stealth
   589 | D:1      | Reached XP level 2. HP: 21/22 MP: 2/2
   966 | D:2      | Reached XP level 3. HP: 24/27 MP: 3/3
  1799 | D:3      | Found a radiant altar of Vehumet.
  1809 | D:3      | Reached XP level 4. HP: 30/34 MP: 4/4
  2174 | D:3      | Killed hofbold's ghost
  2249 | D:3      | Noticed Grinder
  2260 | D:3      | Reached XP level 5. HP: 28/39 MP: 5/5
  2272 | D:3      | Paralysed by Grinder for 5 turns
  2274 | D:3      | Slain by Grinder

Skill      XL: |  1  2  3 |
---------------+----------+-----
Stealth        | 6 |  6.9
Fighting       | 2 |  2.7
Dodging        | 2 |  2.7
Short Blades   | 3 |  3.4
Throwing       | |  1.5

Action                   |  1- 3 |  4- 6 || total
-------------------------+-------+-------++-------
Melee: Dagger            |    65 |       ||    65
       Bite              |     8 |     4 ||    12
       Short sword       |    11 |    42 ||    53
  Use: Scroll            |     2 |       ||     2
       Potion            |     1 |       ||     1
 Stab: Sleeping          |     9 |     3 ||    12
  Eat: Corpse            |       |     4 ||     4
Armor: Robe              |    20 |    13 ||    33
Dodge: Dodged            |    47 |    20 ||    67
